 Dungeon Crawl Stone Soup version 0.31.0-11-ge490571c62 (webtiles) character file.

Game seed: 1789166265671997345

19036 Ashen the Covert (level 12, -1/92 HPs)
             Began as a Gnoll Enchanter on Feb 2, 2024.
             Was a High Priest of Uskayaw.
             Slain by a yak (16 damage)
             ... on level 11 of the Dungeon.
             The game lasted 00:39:03 (9956 turns).

Ashen the Covert (Gnoll Enchanter)                  Turns: 9956, Time: 00:39:04

Health: -1/92      AC:  5    Str:  7    XL:     12   Next: 64%
Magic:  10/25      EV: 16    Int: 21    God:    Uskayaw [*****.]
Gold:   664        SH:  0    Dex: 18    Spells: 18/29 levels left

rFire   + . .        Q - +2 dagger (venom)
rCold   + + .        (no shield)
rNeg    + . .        D - +0 troll leather armour {Pargi}
rPois   +            y - +0 helmet
rElec   +            R - scarf {rC+ rF+}
rCorr   +            (no gloves)
SInv    .            (no boots)
Will    .....        T - amulet "Peral" {rElec rC+ rN+ Regen+ rCorr}
Stlth   ++++         p - +6 ring of intelligence
HPRegen 1.95/turn    a - ring of poison resistance
MPRegen 0.19/turn

%: no passive effects
@: no status effects
A: fangs 1, strong nose, distributed training
a: Renounce Religion, Stomp, Line Pass, Grand Finale


You were on level 11 of the Dungeon.
You worshipped Uskayaw.
Uskayaw was aware of your devotion.
You visited 1 branch of the dungeon, and saw 11 of its levels.
You also visited: Sewer, Ossuary and Bailey.

You collected 664 gold pieces.

Inventory:

Hand Weapons
 O - a +4 dagger
 Q - a +2 dagger of venom (weapon)
 S - a +0 short sword of electrocution
Armour
 y - a +0 helmet (worn)
 D - a +0 troll leather armour (worn) {Pargi}
 I - the +1 ring mail of Stoicism {Str+3 SInv}
   (You found it on level 6 of the Dungeon)

   Str+3:     It affects your strength (+3).
   SInv:      It lets you see invisible.
 R - a scarf of resistance (worn)
Jewellery
 a - a ring of poison resistance (right hand)
 p - a +6 ring of intelligence (left hand)
 z - the amulet "Eloxkan" {RegenMP rPois rF+ Will+++ Str+2}
   (You found it on level 3 of the Dungeon)

   [amulet of magic regeneration]

   RegenMP:   It increases your rate of magic regeneration.
   Str+2:     It affects your strength (+2).
   rF+:       It protects you from fire.
   rPois:     It protects you from poison Will+++: It greatly increases your
   willpower.
 T - the amulet "Peral" (around neck) {rElec rC+ rN+ Regen+ rCorr}
   (You acquired it in a bailey)

   [amulet of regeneration]

   rC+:       It protects you from cold.
   rElec:     It insulates you from electricity.
   rN+:       It protects you from negative energy.
   Regen+:    It increases your rate of health regeneration.
   rCorr:     It protects you from acid and corrosion.
 U - an amulet of guardian spirit
Wands
 s - a wand of flame (47)
 t - a wand of digging (6)
 E - a wand of mindburst (19)
 L - a wand of iceblast (12)
 M - a wand of paralysis (9)
Scrolls
 b - 3 scrolls of poison {unknown}
 d - 3 scrolls of torment {unknown}
 f - 4 scrolls of identify {unknown}
 i - 5 scrolls of vulnerability {unknown}
 j - 4 scrolls of noise {unknown}
 k - 2 scrolls of brand weapon {unknown}
 l - 2 scrolls of fog {unknown}
 n - a scroll of amnesia {unknown}
 q - 3 scrolls of immolation {unknown}
 w - 4 scrolls of silence {unknown}
 A - 4 scrolls of teleportation {unknown}
 C - a scroll of fear {unknown}
 J - 6 scrolls of enchant weapon
 K - 3 scrolls of blinking {unknown}
 P - a scroll of revelation {unknown}
Potions
 c - a potion of invisibility
 e - 8 potions of might {unknown}
 g - a potion of ambrosia {unknown}
 h - 3 potions of enlightenment {unknown}
 m - 5 potions of haste {unknown}
 o - 4 potions of curing {unknown}
 r - 2 potions of degeneration {unknown}
 u - 2 potions of resistance {unknown}
 v - 2 potions of lignification {unknown}
 x - a potion of mutation {unknown}
 B - a potion of cancellation {unknown}
 F - 3 potions of berserk rage {unknown}
 G - 3 potions of magic {unknown}
 H - 3 potions of heal wounds {unknown}
 N - 2 potions of brilliance {unknown}


   Skills:
 + Level 7.7 Fighting
 + Level 8.2 Short Blades
 + Level 7.7 Long Blades
 + Level 7.7 Axes
 + Level 7.7 Maces & Flails
 + Level 7.7 Polearms
 + Level 7.7 Staves
 + Level 7.7 Ranged Weapons
 + Level 7.7 Throwing
 + Level 7.7 Armour
 + Level 9.1 Dodging
 + Level 9.9 Stealth
 + Level 7.7 Shields
 + Level 7.7 Unarmed Combat
 + Level 9.3 Spellcasting
 + Level 6.4 Conjurations
 + Level 8.5 Hexes
 + Level 6.4 Summonings
 + Level 6.4 Necromancy
 + Level 6.4 Translocations
 + Level 6.4 Fire Magic
 + Level 6.4 Ice Magic
 + Level 6.4 Air Magic
 + Level 6.4 Earth Magic
 + Level 6.4 Alchemy
 + Level 8.5 Invocations
 + Level 7.7 Evocations
 + Level 7.1 Shapeshifting


You had 18 spell levels left.
You knew the following spells:

 Your Spells              Type           Power      Damage    Failure   Level
a - Ensorcelled Hibernat  Hex/Ice        82%        N/A       1%          2
b - Confusing Touch       Hex            45%        N/A       1%          3
c - Tukima's Dance        Hex            45%        N/A       1%          3
d - Dazzling Flash        Conj/Hex       82%        N/A       1%          3

Your spell library contained the following spells:

 Spells                   Type           Power      Damage    Failure   Level
 Magic Dart               Conj           100%       1d8       1%          1
 Necrotise                Necr           100%       1d9       1%          1
 Blink                    Tloc           72%        N/A       1%          2
 Call Imp                 Summ           72%        N/A       1%          2
 Searing Ray              Conj           72%        2d7       1%          2
 Passwall                 Erth           36%        N/A       1%          3
 Swiftness                Air            36%        N/A       1%          3
 Vampiric Draining        Necr           36%        2d8       1%          3
 Fulminant Prism          Conj/Alch      18%        3d10      7%          4
 Ignite Poison            Fire/Alch      36%        N/A       7%          4
 Martyr's Knell           Necr/Summ      36%        N/A       7%          4
 Sticky Flame             Fire/Alch      36%        2d8       7%          4
 Curse of Agony           Necr           36%        N/A       19%         5
 Ignition                 Fire           18%        3d7       100%        8


Dungeon Overview and Level Annotations

Branches:
Dungeon (11/15)            Temple (0/1) D:7           Sewer (visited)
Ossuary (visited)          Bailey (visited)
   Lair: D:8-11         Orc: D:9-12

Altars:
Cheibriados
Dithmenos
Fedhas
Hepliaklqana
Nemelex Xobeh
Qazlal
Trog
Uskayaw
Vehumet
Yredelemnul
The Shining One

Shops:
D:11 (


Innate Abilities, Weirdness & Mutations

You have very sharp teeth.
Your uncanny sense of smell can sniff out nearby items.
Your experience applies equally to all skills.


Message History

You kill the troll!
The yak completely misses you. The yak closely misses you.
You barely miss the yak. Your punch misses the yak. Your bite misses the yak.
The yak is moderately wounded.
The yak is no longer blind.
The yak misses you.
You hit the yak.
The yak is heavily wounded.
The yak gores you!
* * * LOW HITPOINT WARNING * * *
You can now merge with and destroy a victim.
Casting: Dazzling Flash (safe; 1% risk of failure)
Confirm with . or Enter, or press ? or * to list all spells.
Casting: Dazzling Flash (safe; 1% risk of failure)
Press: ? - help, Dir - look around, f - activate The yak is dazzled.
The yak gores you.
* * * LOW HITPOINT WARNING * * *
The yak misses you.
You hit the yak but do no damage.
The yak is poisoned.
You punch the yak. You bite the yak, but do no damage.
The yak is lightly wounded.
The yak closely misses you. The yak gores you.
* * * LOW HITPOINT WARNING * * *
You hit the yak but do no damage.
The yak looks as sick as possible!
You bite the yak, but do no damage.
The yak is lightly wounded.
You hit the yak.
The yak is moderately wounded.
The yak gores you!
* * * LOW HITPOINT WARNING * * *
The yak completely misses you.
You hit the yak.
The yak looks as sick as possible!
The yak is moderately wounded.
The yak barely misses you.
You hit the yak but do no damage.
The yak is moderately wounded.
The yak misses you.
You barely miss the yak.
The yak is moderately wounded.
The yak is no longer blind.
The yak gores you!
You die...

#........ ..
#.#####...#####..
##...[.........#..#
##..#####..
..........####.....##....
..........##.......#.....
.......[..##............#
...........#..##.#.......
.................##......
........Y##......#...(.#.
#....Y@?.........####..
####.†#......#.........
##.#....####....#...
..#....# #....#...
#.....### #...###.#
#..##.# #..###...
.....#### #...##...
.....# ##...##..# ##.#
#....#####


You could see 2 yaks.

Vanquished Creatures
  2 two-headed ogres
  A boulder beetle (D:11)
  An orc high priest (Bailey)
  Nergalle (D:10)
  Pikel (D:4)
  An ugly thing (D:11)
  An orc knight (Bailey)
  A manticore (D:10)
  A cyclops (D:11)
  An elephant (D:11)
  A gargoyle (D:10)
  An efreet (D:9)
  A kobold demonologist (Bailey)
  2 unseen horror zombies (D:10)
  2 trolls (D:11)
  2 hornets
  A shadow (D:11)
  15 yaks
  2 wyverns
  A wraith (D:11)
  3 steam dragons
  An acid dragon (D:8)
  A water moccasin (D:6)
  Pargi (Sewer)
  2 ice beasts
  A sky beast (D:6)
  2 black bears
  12 orc warriors
  6 centaurs
  4 lemures (D:4)
  2 elf zombies (Ossuary)
  5 bullfrogs
  3 kobold brigands
  2 scorpions (D:11)
  A gnoll sergeant (D:6)
  4 wights
  A burial acolyte (Ossuary)
  20 killer bees
  5 electric eels (Bailey)
  5 howler monkeys
  3 bombardier beetles
  2 hounds
  3 human zombies (Ossuary)
  2 jellies (D:5)
  9 centaur zombies
  A gnoll bouda (D:7)
  6 orc priests
  Crazy Yiuf (D:2)
  9 orc wizards
  Natasha (thrice) (D:3)
  6 iguanas
  A crocodile zombie (Ossuary)
  3 mummies (Ossuary)
  11 gnolls
  2 howler monkey zombies (D:10)
  3 adders
  A river rat (D:4)
  4 white imps
  4 ufetubi
  7 adder zombies (Ossuary)
  3 dart slugs
  5 ribbon worms
  32 orcs
  8 ball pythons
  8 endoplasms
  4 giant cockroaches
  8 goblins
  10 hobgoblins
  6 jackals
  5 quokkas
  4 ball python zombies (Ossuary)
  3 bats
  2 frilled lizards (D:1)
  4 jackal zombies (Ossuary)
  13 kobolds
  4 kobold zombies (Ossuary)
  2 orc zombies (Ossuary)
  2 quokka zombies (D:6)
  2 rats
326 creatures vanquished.

Vanquished Creatures (collateral kills)
  Jeremiah (D:6)
  A gnoll sergeant (D:6)
  A wight (D:7)
  A kobold (D:8)
4 creatures vanquished.

Vanquished Creatures (others)
  2 dancing weapons
  A black bear (D:5)
3 creatures vanquished.

Grand Total: 333 creatures vanquished

Notes
Turn   | Place    | Note
-------+----------+-------------------------------------------
     0 | D:1      | Ashen the Gnoll Enchanter began the quest for the Orb.
     0 | D:1      | Reached XP level 1. HP: 13/13 MP: 6/6
   120 | D:1      | Reached XP level 2. HP: 9/19 MP: 7/7
   124 | D:1      | Learned a level 2 spell: Ensorcelled Hibernation
   462 | D:1      | Reached skill level 5 in Spellcasting
   462 | D:1      | Reached XP level 3. HP: 25/25 MP: 7/9
   882 | D:2      | Learned a level 3 spell: Confusing Touch
   886 | D:2      | Learned a level 3 spell: Tukima's Dance
   890 | D:2      | Learned a level 3 spell: Dazzling Flash
   961 | D:2      | Reached skill level 1 in Invocations
  1470 | D:2      | Found a runed translucent door.
  1471 | D:2      | Noticed Crazy Yiuf
  1479 | D:2      | Killed Crazy Yiuf
  1480 | D:2      | Reached skill level 1 in Fighting
  1480 | D:2      | Reached skill level 1 in Long Blades
  1480 | D:2      | Reached skill level 1 in Axes
  1480 | D:2      | Reached skill level 1 in Maces & Flails
  1480 | D:2      | Reached skill level 1 in Polearms
  1480 | D:2      | Reached skill level 1 in Staves
  1480 | D:2      | Reached skill level 1 in Ranged Weapons
  1480 | D:2      | Reached skill level 1 in Throwing
  1480 | D:2      | Reached skill level 1 in Armour
  1480 | D:2      | Reached skill level 1 in Shields
  1480 | D:2      | Reached skill level 1 in Unarmed Combat
  1480 | D:2      | Reached skill level 1 in Evocations
  1480 | D:2      | Reached skill level 1 in Shapeshifting
  1480 | D:2      | Reached XP level 4. HP: 11/32 MP: 1/11
  1750 | D:3      | Reached skill level 1 in Conjurations
  1750 | D:3      | Reached skill level 1 in Summonings
  1750 | D:3      | Reached skill level 1 in Necromancy
  1750 | D:3      | Reached skill level 1 in Translocations
  1750 | D:3      | Reached skill level 1 in Fire Magic
  1750 | D:3      | Reached skill level 1 in Ice Magic
  1750 | D:3      | Reached skill level 1 in Air Magic
  1750 | D:3      | Reached skill level 1 in Earth Magic
  1750 | D:3      | Reached skill level 1 in Alchemy
  1894 | D:3      | Reached XP level 5. HP: 30/37 MP: 1/12
  2085 | D:3      | Identified the amulet "Eloxkan" {RegenMP rPois rF+ Will+++
                  | Str+2}
  2131 | D:3      | Noticed Natasha
  2135 | D:3      | Killed Natasha
  2263 | D:3      | Noticed Natasha
  2266 | D:3      | Killed Natasha
  2299 | D:3      | Noticed Natasha
  2302 | D:3      | Killed Natasha
  2306 | D:3      | Found the +5 woodcutter's axe
  2613 | D:4      | Reached XP level 6. HP: 44/44 MP: 13/13
  2707 | D:4      | Reached skill level 5 in Dodging
  2719 | D:4      | Noticed Pikel
  2755 | D:4      | Found a glowing drain.
  2759 | Sewer    | Entered a sewer
  2860 | Sewer    | Noticed Pargi
  2893 | Sewer    | Killed Pargi
  3087 | D:4      | Found a hide-covered altar of Uskayaw.
  3119 | D:4      | Became a worshipper of Uskayaw the Reveller
  3244 | D:4      | Reached * piety under Uskayaw
  3259 | D:4      | Reached ** piety under Uskayaw
  3370 | D:4      | Killed Pikel
  3371 | D:4      | Reached XP level 7. HP: 52/52 MP: 15/15
  3371 | D:4      | Reached XP level 8. HP: 58/58 MP: 16/16
  3405 | D:5      | Entered Level 5 of the Dungeon
  3421 | D:5      | Found a hazy altar of Hepliaklqana.
  4289 | D:6      | Reached *** piety under Uskayaw
  4464 | D:6      | Reached **** piety under Uskayaw
  4476 | D:6      | Identified the +1 ring mail of Stoicism {Str+3 SInv}
  4667 | D:6      | Reached XP level 9. HP: 65/65 MP: 15/18
  4729 | D:6      | Noticed Jeremiah
  4783 | D:6      | Found a sand-covered staircase.
  4790 | Ossuary  | Entered an ossuary
  5036 | Ossuary  | Reached skill level 5 in Short Blades
  5336 | D:6      | Killed Jeremiah
  5337 | D:6      | Reached skill level 5 in Invocations
  5938 | D:7      | Reached skill level 5 in Fighting
  5938 | D:7      | Reached skill level 5 in Long Blades
  5938 | D:7      | Reached skill level 5 in Axes
  5938 | D:7      | Reached skill level 5 in Maces & Flails
  5938 | D:7      | Reached skill level 5 in Polearms
  5938 | D:7      | Reached skill level 5 in Staves
  5938 | D:7      | Reached skill level 5 in Ranged Weapons
  5938 | D:7      | Reached skill level 5 in Throwing
  5938 | D:7      | Reached skill level 5 in Armour
  5938 | D:7      | Reached skill level 5 in Shields
  5938 | D:7      | Reached skill level 5 in Unarmed Combat
  5938 | D:7      | Reached skill level 5 in Evocations
  5938 | D:7      | Reached XP level 10. HP: 74/74 MP: 14/20
  6285 | D:7      | Found a staircase to the Ecumenical Temple.
  6373 | D:8      | Noticed a two-headed ogre
  6414 | D:8      | Found a shadowy altar of Dithmenos.
  6457 | D:8      | Found a stormy altar of Qazlal.
  6505 | D:8      | Found a bloodstained altar of Trog.
  6553 | D:8      | Found the crystal ball of Wucad Mu {*channel}
  6610 | D:8      | Killed a two-headed ogre
  6611 | D:8      | Reached skill level 5 in Shapeshifting
  6853 | D:8      | Found a snail-covered altar of Cheibriados.
  6996 | D:8      | Found a blossoming altar of Fedhas.
  7334 | D:9      | Identified the +0 plate armour of the Blue Skies {Harm rF+
                  | Will+}
  7350 | D:9      | Reached ***** piety under Uskayaw
  7378 | D:9      | Reached skill level 5 in Conjurations
  7378 | D:9      | Reached skill level 5 in Summonings
  7378 | D:9      | Reached skill level 5 in Necromancy
  7378 | D:9      | Reached skill level 5 in Translocations
  7378 | D:9      | Reached skill level 5 in Fire Magic
  7378 | D:9      | Reached skill level 5 in Ice Magic
  7378 | D:9      | Reached skill level 5 in Air Magic
  7378 | D:9      | Reached skill level 5 in Earth Magic
  7378 | D:9      | Reached skill level 5 in Alchemy
  7431 | D:9      | Reached XP level 11. HP: 67/81 MP: 20/23
  7433 | D:9      | Found a radiant altar of Vehumet.
  7709 | D:9      | Found a sparkling altar of Nemelex Xobeh.
  7871 | D:10     | Entered Level 10 of the Dungeon
  7871 | D:10     | Found a flagged portal.
  7876 | D:10     | Identified the +9 hand axe "Hayle" {chaos, Int+6 Dex-4}
  7879 | Bailey   | Entered a bailey
  7926 | Bailey   | Noticed an orc knight
  7955 | Bailey   | Killed an orc knight
  8127 | Bailey   | Acquired the amulet "Peral" {rElec rC+ rN+ Regen+ rCorr}
  8296 | Bailey   | Found an iron altar of Okawaru.
  8298 | Bailey   | Noticed an orc high priest
  8331 | Bailey   | Killed an orc high priest
  8947 | D:10     | Found a basalt altar of Yredelemnul.
  9000 | D:10     | Reached XP level 12. HP: 42/91 MP: 17/24
  9105 | D:10     | Found a glowing golden altar of the Shining One.
  9198 | D:10     | Noticed Nergalle
  9225 | D:10     | Killed Nergalle
  9309 | D:10     | Noticed a two-headed ogre
  9314 | D:10     | Killed a two-headed ogre
  9751 | D:11     | Noticed a boulder beetle
  9758 | D:11     | Killed a boulder beetle
  9867 | D:11     | Found Zidyr's Antique Weapon Shop.
  9956 | D:11     | Slain by a yak

Illustrated notes

Levels and vault maps discovered:
D:1:      tarquinn_simple_flora_water_a, layout_basic, kennysheep_boxes
D:2:      layout_loops_cross, uniq_crazy_yiuf_cottage
D:3:      layout_basic, minmay_door_square, uniq_natasha
D:4:      layout_rooms, mainiacjoe_overflow_chevrons, gup_sewer_entry_bowl,
          uniq_pikel
D:5:      layout_loops_cross, mainiacjoe_overflow_paths
D:6:      layout_basic, enter_ossuary_4, minmay_misc_feat_rows, uniq_jeremiah
D:7:      layout_gridville, minmay_temple_entry_enclosed_plants
D:8:      minmay_weird_star, layout_cave_pools,
          grunt_dithmenos_smoke_and_mirrors, slow_altar_2,
          mainiacjoe_overflow_six_doors_small, lemuel_crystal_altar,
          bloody_trog, minmay_fractal_squares_5
D:9:      layout_basic, lemuel_doored_altar,
          mainiacjoe_overflow_concentric_impassable
D:10:     layout_roguey, lemuel_coloured_pillars_altar,
          nicolae_yredelemnul_corpse_copse, enter_bailey_2, uniq_nergalle
D:11:     layout_cave_pools, grunt_lair_entry_orc_guard_hut, orc_0_dummy,
          serial_shops, shop

Skill      XL: |  1  2  3  4  5  6  7  8  9 10 11 12 |
---------------+-------------------------------------+-----
Spellcasting   | 5 6 7 8 9 |  9.3
Stealth        | 6 7 8 9 |  9.9
Invocations    | 1 2 3 4 5 6 7 8 |  8.5
Fighting       | 1 3 5 6 7 |  7.7
Long Blades    | 1 3 5 6 7 |  7.7
Axes           | 1 3 5 6 7 |  7.7
Maces & Flails | 1 3 5 6 7 |  7.7
Polearms       | 1 3 5 6 7 |  7.7
Staves         | 1 3 5 6 7 |  7.7
Ranged Weapons | 1 3 5 6 7 |  7.7
Throwing       | 1 3 5 6 7 |  7.7
Armour         | 1 3 5 6 7 |  7.7
Shields        | 1 3 5 6 7 |  7.7
Unarmed Combat | 1 3 5 6 7 |  7.7
Evocations     | 1 3 5 6 7 |  7.7
Shapeshifting  | 1 2 3 4 5 6 7 |  7.1
Conjurations   | 1 2 3 4 5 6 |  6.4
Summonings     | 1 2 3 4 5 6 |  6.4
Necromancy     | 1 2 3 4 5 6 |  6.4
Translocations | 1 2 3 4 5 6 |  6.4
Fire Magic     | 1 2 3 4 5 6 |  6.4
Ice Magic      | 1 2 3 4 5 6 |  6.4
Air Magic      | 1 2 3 4 5 6 |  6.4
Earth Magic    | 1 2 3 4 5 6 |  6.4
Alchemy        | 1 2 3 4 5 6 |  6.4
Short Blades   | 3 4 5 6 7 8 |  8.2
Dodging        | 5 6 7 8 9 |  9.1
Hexes          | 6 7 8 |  8.5

Action                     |  1- 3 |  4- 6 |  7- 9 | 10-12 || total
---------------------------+-------+-------+-------+-------++-------
  Melee: Dagger            |    94 |   149 |   475 |   495 ||  1213
         Bite              |     5 |    19 |    71 |    62 ||   157
         Punch             |     1 |     4 |    20 |    23 ||    48
   Cast: Ensorcelled Hiber |    20 |    41 |    43 |    81 ||   185
         Confusing Touch   |       |     9 |    45 |    15 ||    69
         Tukima's Dance    |       |       |     5 |    11 ||    16
         Dazzling Flash    |       |       |     3 |    47 ||    50
  Evoke: Wand              |       |       |       |     7 ||     7
    Use: Scroll            |       |       |       |     1 ||     1
         Potion            |       |       |       |     1 ||     1
   Stab: Sleeping          |    22 |    32 |    39 |    57 ||   150
         Confused          |       |    10 |    32 |    15 ||    57
         Paralysed         |       |       |     7 |    23 ||    30
         Invisible         |       |       |     3 |    35 ||    38
         Distracted        |       |       |     2 |     1 ||     3
 Armour: Robe              |    38 |    35 |       |       ||    73
         Troll leather arm |       |    25 |   284 |   297 ||   606
  Dodge: Dodged            |    64 |   110 |   406 |   439 ||  1019
